[ AOE2 MATCH · #481119377 ]
UnrankedBengalis vs Malay
[ REPLAY ANALYSIS · EXTRACTED FROM THE RECORDED GAME ]
Feudal
16:16
Castle
20:22
Imperial
41:37
| APM avg | 32.4 |
| APM peak | 76 |
| eAPM avg | 17.0 |
| Villagers / military | 143 / 71 |
Focus
⚔️ 20.7% · 🌾 79.3%
Battle Elephant ×71
Feudal
15:02
Castle
18:58
Imperial
—
| APM avg | 36.6 |
| APM peak | 76 |
| eAPM avg | 21.8 |
| Villagers / military | 59 / 13 |
Focus
⚔️ 42.0% · 🌾 58.0%
Arambai ×12 · Mangonel ×1
Feudal
14:19
Castle
18:19
Imperial
—
| APM avg | 33.8 |
| APM peak | 67 |
| eAPM avg | 15.7 |
| Villagers / military | 108 / 40 |
Focus
⚔️ 27.1% · 🌾 72.9%
Spearman ×33 · Battering Ram ×7
Feudal
14:09
Castle
18:38
Imperial
33:51
| APM avg | 35.2 |
| APM peak | 119 |
| eAPM avg | 21.8 |
| Villagers / military | 181 / 146 |
Focus
⚔️ 18.0% · 🌾 82.0%
Battle Elephant ×143 · Trebuchet (Packed) ×2 · Monk ×1
Feudal
14:35
Castle
18:22
Imperial
—
| APM avg | 43.2 |
| APM peak | 84 |
| eAPM avg | 13.7 |
| Villagers / military | 45 / 43 |
Focus
⚔️ 41.5% · 🌾 58.5%
Archer ×41 · Mangonel ×2
Feudal
13:14
Castle
31:42
Imperial
—
| APM avg | 36.6 |
| APM peak | 65 |
| eAPM avg | 17.9 |
| Villagers / military | 76 / 15 |
Focus
⚔️ 23.2% · 🌾 76.8%
Archer ×11 · Unknown (2550) ×10 · Mangonel ×2 · Scorpion ×2
Feudal
14:05
Castle
17:52
Imperial
39:24
| APM avg | 31.7 |
| APM peak | 50 |
| eAPM avg | 17.6 |
| Villagers / military | 112 / 84 |
Focus
⚔️ 25.2% · 🌾 74.8%
Coustillier ×34 · Flemish Militia ×29 · Spearman ×11 · Scorpion ×3 · Monk ×2 · Knight ×2
Feudal
14:25
Castle
18:20
Imperial
40:04
| APM avg | 59.0 |
| APM peak | 98 |
| eAPM avg | 29.5 |
| Villagers / military | 99 / 49 |
Focus
⚔️ 26.8% · 🌾 73.2%
Knight ×24 · Spearman ×11 · Battering Ram ×10 · Trebuchet (Packed) ×2 · Mangonel ×1 · Scout Cavalry ×1
Match map
Initial resources + every placement click. Lines = walls · curves = elevation contours. ◆ gold · ⬟ stone · ● berries · ✦ relic · ◌ wall gap
Your base· Open — 5t gap
悲伤猫头橘's base· Open — unwalled flank
永不服输's base· Open — unwalled flank
凌兮梦's base· Open — unwalled flank
食肉的羊's base· Open — 6t gap
楠's base· Open — unwalled flank
楚辞誉's base· Open — 8t gap
小米加步槍's base· Open — 8t gap
Smoothed initial terrain · ◌ = detected wall gap · hover for details
Inputs per minute
— TON618 - - 悲伤猫头橘
Build order — TON618
First 150 of 378 actions detected
| 0:23 | Build | Town Center |
| 0:45 | Build | Lumber Camp |
| 2:36 | Create | Villager (Male) |
| 2:36 | Create | Villager (Male) |
| 2:37 | Create | Villager (Male) |
| 2:37 | Create | Villager (Male) |
| 2:37 | Create | Villager (Male) |
| 3:09 | Build | House |
| 3:11 | Build | House |
| 4:08 | Research | Loom |
| 5:00 | Create | Villager (Male) |
| 5:01 | Create | Villager (Male) |
| 5:34 | Create | Villager (Male) |
| 5:49 | Create | Villager (Male) |
| 5:57 | Create | Villager (Male) |
| 5:57 | Create | Villager (Male) |
| 6:54 | Create | Villager (Male) |
| 7:30 | Create | Villager (Male) |
| 7:34 | Build | House |
| 7:54 | Create | Villager (Male) |
| 8:23 | Create | Villager (Male) |
| 8:23 | Create | Villager (Male) |
| 8:23 | Create | Villager (Male) |
| 9:05 | Create | Villager (Male) |
| 9:05 | Create | Villager (Male) |
| 9:25 | Create | Villager (Male) |
| 9:25 | Create | Villager (Male) |
| 10:20 | Create | Villager (Male) |
| 10:21 | Create | Villager (Male) |
| 10:42 | Build | House |
| 10:54 | Create | Villager (Male) |
| 11:31 | Create | Villager (Male) |
| 11:40 | Create | Villager (Male) |
| 11:56 | Build | House |
| 13:05 | Create | Villager (Male) |
| 13:22 | Build | Mill |
| 13:34 | Create | Villager (Male) |
| 13:46 | Build | House |
| 14:06 | Research | Feudal Age |
| 14:06 | Research | Feudal Age |
| 14:36 | Build | House |
| 16:16 | Age | Feudal Age |
| 16:22 | Build | Market |
| 16:24 | Build | Blacksmith |
| 16:27 | Create | Villager (Male) |
| 16:48 | Create | Villager (Male) |
| 17:14 | Create | Villager (Male) |
| 17:26 | Research | Castle Age |
| 18:18 | Research | Double-Bit Axe |
| 18:52 | Build | Farm |
| 18:57 | Build | Farm |
| 19:13 | Build | Farm |
| 19:16 | Build | Farm |
| 20:13 | Build | Barracks |
| 20:17 | Create | Villager (Male) |
| 20:22 | Age | Castle Age |
| 20:29 | Build | Town Center |
| 20:32 | Create | Villager (Male) |
| 20:58 | Build | House |
| 21:03 | Create | Villager (Male) |
| 21:14 | Create | Villager (Male) |
| 21:21 | Build | Stable |
| 21:26 | Create | Villager (Male) |
| 21:35 | Build | House |
| 21:52 | Build | House |
| 22:00 | Create | Villager (Male) |
| 22:07 | Create | Villager (Male) |
| 22:07 | Create | Villager (Male) |
| 22:14 | Create | Villager (Male) |
| 22:19 | Create | Battle Elephant |
| 22:29 | Create | Villager (Male) |
| 22:30 | Create | Villager (Male) |
| 22:33 | Research | Bow Saw |
| 22:41 | Create | Battle Elephant |
| 22:52 | Create | Villager (Male) |
| 22:54 | Build | Farm |
| 22:57 | Build | Farm |
| 23:14 | Build | Farm |
| 23:17 | Build | Farm |
| 23:32 | Create | Villager (Male) |
| 23:43 | Build | Stable |
| 23:48 | Build | Farm |
| 23:50 | Build | Farm |
| 23:55 | Build | Farm |
| 23:58 | Create | Villager (Male) |
| 24:16 | Create | Villager (Male) |
| 24:18 | Build | Farm |
| 24:23 | Build | Farm |
| 24:26 | Build | Farm |
| 24:36 | Create | Villager (Male) |
| 24:40 | Build | Farm |
| 24:43 | Build | Farm |
| 24:48 | Create | Villager (Male) |
| 24:50 | Build | Farm |
| 24:56 | Build | Farm |
| 25:04 | Build | Farm |
| 25:07 | Build | Farm |
| 25:12 | Create | Villager (Male) |
| 25:17 | Create | Villager (Male) |
| 25:23 | Build | Farm |
| 25:26 | Build | Farm |
| 25:28 | Create | Villager (Male) |
| 25:29 | Create | Villager (Male) |
| 25:35 | Build | Farm |
| 25:38 | Create | Villager (Male) |
| 25:41 | Build | House |
| 25:42 | Build | House |
| 25:49 | Build | Palisade Wall |
| 25:51 | Build | Palisade Gate |
| 25:59 | Create | Villager (Male) |
| 26:01 | Create | Villager (Male) |
| 26:05 | Build | Farm |
| 26:06 | Build | Farm |
| 26:07 | Build | Farm |
| 26:09 | Build | Farm |
| 26:21 | Create | Battle Elephant |
| 26:22 | Create | Battle Elephant |
| 26:24 | Create | Villager (Male) |
| 26:31 | Build | Farm |
| 26:34 | Build | Farm |
| 26:37 | Build | Farm |
| 26:41 | Build | Farm |
| 26:43 | Build | Farm |
| 26:44 | Create | Villager (Male) |
| 26:49 | Research | Husbandry |
| 26:55 | Build | Farm |
| 27:00 | Build | Farm |
| 27:04 | Create | Villager (Male) |
| 27:15 | Create | Villager (Male) |
| 27:22 | Create | Villager (Male) |
| 27:24 | Build | Farm |
| 27:26 | Build | Farm |
| 27:30 | Create | Villager (Male) |
| 27:34 | Build | House |
| 27:42 | Build | House |
| 27:44 | Build | House |
| 27:46 | Build | House |
| 27:47 | Build | House |
| 27:48 | Create | Villager (Male) |
| 27:54 | Create | Battle Elephant |
| 27:55 | Create | Battle Elephant |
| 27:55 | Create | Battle Elephant |
| 27:56 | Create | Battle Elephant |
| 28:01 | Research | Horse Collar |
| 28:05 | Create | Villager (Male) |
| 28:10 | Build | Farm |
| 28:13 | Build | Farm |
| 28:15 | Create | Villager (Male) |
| 28:36 | Research | Wheelbarrow |
| 28:40 | Research | Town Watch |
Build order — 悲伤猫头橘
First 150 of 168 actions detected
| 0:52 | Build | Town Center |
| 2:59 | Create | Villager (Male) ×4 |
| 3:04 | Build | House |
| 3:12 | Build | House |
| 3:17 | Build | House |
| 3:21 | Build | House |
| 4:07 | Build | Palisade Wall |
| 4:19 | Build | Palisade Wall |
| 4:25 | Research | Loom |
| 4:39 | Create | Villager (Male) |
| 5:29 | Create | Villager (Male) |
| 5:54 | Build | House |
| 6:12 | Create | Villager (Male) |
| 6:29 | Create | Villager (Male) |
| 6:33 | Build | Palisade Gate |
| 6:38 | Build | House |
| 6:41 | Build | House |
| 6:44 | Create | Villager (Male) |
| 7:27 | Create | Villager (Male) |
| 7:27 | Create | Villager (Male) |
| 7:28 | Create | Villager (Male) |
| 7:28 | Create | Villager (Male) |
| 7:59 | Create | Villager (Male) |
| 7:59 | Create | Villager (Male) |
| 8:27 | Create | Villager (Male) |
| 8:34 | Build | Palisade Wall |
| 8:36 | Build | Palisade Gate |
| 8:40 | Create | Villager (Male) |
| 8:50 | Create | Villager (Male) |
| 8:51 | Create | Villager (Male) |
| 8:51 | Create | Villager (Male) |
| 9:22 | Create | Villager (Male) |
| 9:53 | Create | Villager (Male) |
| 9:53 | Create | Villager (Male) |
| 10:06 | Create | Villager (Male) |
| 10:28 | Create | Villager (Male) |
| 11:11 | Build | Mill |
| 11:14 | Create | Villager (Male) |
| 11:33 | Build | Mining Camp |
| 12:22 | Research | Feudal Age |
| 12:53 | Build | Palisade Wall |
| 12:56 | Build | Palisade Wall |
| 13:04 | Build | Palisade Gate |
| 13:37 | Build | House |
| 14:51 | Create | Villager (Male) |
| 14:51 | Create | Villager (Male) |
| 15:02 | Age | Feudal Age |
| 15:08 | Build | Market |
| 15:10 | Build | Blacksmith |
| 15:50 | Build | Mining Camp |
| 16:09 | Build | House |
| 16:18 | Research | Castle Age |
| 16:27 | Build | Outpost |
| 16:37 | Build | House |
| 16:52 | Build | Palisade Wall |
| 16:56 | Build | Palisade Gate |
| 17:15 | Build | Palisade Gate |
| 17:18 | Build | Palisade Wall |
| 17:19 | Build | Palisade Gate |
| 17:21 | Build | Palisade Wall |
| 17:22 | Build | Palisade Gate |
| 17:25 | Build | Palisade Wall |
| 17:26 | Build | Palisade Wall |
| 17:27 | Build | Palisade Wall |
| 17:30 | Build | Palisade Wall |
| 17:32 | Build | Palisade Wall |
| 17:33 | Build | Palisade Wall |
| 17:34 | Build | Palisade Wall |
| 18:12 | Build | House |
| 18:46 | Build | Palisade Wall |
| 18:47 | Build | Palisade Wall |
| 18:56 | Build | Palisade Wall |
| 18:56 | Build | Palisade Wall |
| 18:58 | Age | Castle Age |
| 19:03 | Create | Villager (Male) |
| 19:23 | Build | Castle |
| 19:32 | Build | Palisade Wall |
| 19:42 | Build | Palisade Gate |
| 19:45 | Build | Palisade Wall |
| 19:47 | Build | Palisade Gate |
| 19:49 | Build | Palisade Wall |
| 20:08 | Create | Villager (Male) |
| 20:08 | Create | Villager (Male) |
| 20:08 | Create | Villager (Male) |
| 20:08 | Create | Villager (Male) |
| 21:14 | Build | Town Center |
| 21:42 | Build | Town Center |
| 21:46 | Build | House |
| 21:52 | Create | Villager (Male) |
| 22:46 | Create | Arambai |
| 22:59 | Build | Stone Wall |
| 23:15 | Build | House |
| 23:18 | Create | Arambai |
| 23:19 | Create | Arambai |
| 23:36 | Create | Arambai |
| 23:56 | Create | Arambai |
| 23:56 | Create | Arambai |
| 23:57 | Create | Arambai |
| 24:53 | Create | Arambai |
| 24:54 | Create | Arambai |
| 25:03 | Create | Arambai |
| 25:03 | Create | Arambai |
| 25:24 | Create | Arambai |
| 29:27 | Build | Stone Wall |
| 30:00 | Build | Market |
| 30:28 | Build | Stone Wall |
| 30:39 | Build | Stone Wall |
| 30:40 | Build | Stone Wall |
| 30:44 | Build | Stone Wall |
| 30:46 | Build | Stone Wall |
| 30:49 | Build | Stone Wall |
| 31:04 | Build | Siege Workshop |
| 31:25 | Build | Palisade Wall |
| 32:18 | Create | Mangonel |
| 33:09 | Build | Palisade Wall |
| 33:10 | Build | Palisade Wall |
| 33:42 | Build | Lumber Camp |
| 34:00 | Build | Stone Wall |
| 34:28 | Build | Mining Camp |
| 36:23 | Build | Town Center |
| 36:36 | Build | Stone Wall |
| 36:38 | Build | Stone Wall |
| 36:39 | Build | Stone Wall |
| 37:32 | Build | Stone Wall |
| 39:01 | Build | Gate |
| 39:21 | Build | Stone Wall |
| 39:57 | Create | Villager (Male) |
| 39:57 | Create | Villager (Male) |
| 40:57 | Create | Villager (Male) |
| 40:58 | Create | Villager (Male) |
| 40:58 | Create | Villager (Male) |
| 41:01 | Build | Town Center |
| 41:35 | Build | Town Center |
| 41:39 | Build | Town Center |
| 41:40 | Build | Town Center |
| 41:42 | Create | Villager (Male) |
| 41:42 | Create | Villager (Male) |
| 41:43 | Create | Villager (Male) |
| 42:02 | Create | Villager (Male) |
| 42:11 | Create | Villager (Male) |
| 42:23 | Create | Villager (Male) |
| 42:46 | Build | Town Center |
| 42:50 | Create | Villager (Male) |
| 42:51 | Create | Villager (Male) |
| 43:02 | Build | Town Center |
| 43:06 | Build | Town Center |
| 43:12 | Build | Stone Wall |
| 43:17 | Build | Stone Wall |
| 43:21 | Build | House |
| 43:22 | Build | House |
Build order — 永不服输
First 150 of 276 actions detected
| 0:40 | Build | Town Center |
| 0:54 | Build | House |
| 2:41 | Create | Villager (Male) |
| 2:41 | Create | Villager (Male) |
| 2:42 | Create | Villager (Male) |
| 3:13 | Create | Villager (Male) |
| 4:10 | Create | Villager (Male) |
| 4:38 | Build | House |
| 4:43 | Create | Villager (Male) |
| 4:44 | Create | Villager (Male) |
| 5:37 | Create | Villager (Male) |
| 5:37 | Create | Villager (Male) |
| 5:43 | Research | Loom |
| 6:05 | Build | Palisade Gate |
| 6:24 | Create | Villager (Male) |
| 6:56 | Build | Settlement |
| 7:05 | Build | Settlement |
| 7:34 | Create | Villager (Male) |
| 7:34 | Create | Villager (Male) |
| 7:35 | Create | Villager (Male) |
| 7:35 | Create | Villager (Male) |
| 7:46 | Build | House |
| 8:26 | Create | Villager (Male) |
| 8:27 | Create | Villager (Male) |
| 8:44 | Create | Villager (Male) |
| 9:04 | Build | Settlement |
| 9:08 | Create | Villager (Male) |
| 9:33 | Create | Villager (Male) |
| 9:33 | Create | Villager (Male) |
| 9:59 | Create | Villager (Male) |
| 11:56 | Create | Villager (Male) |
| 12:00 | Research | Feudal Age |
| 12:18 | Create | Villager (Male) |
| 14:10 | Build | Farm |
| 14:19 | Age | Feudal Age |
| 14:22 | Create | Villager (Male) |
| 14:23 | Research | Double-Bit Axe |
| 14:37 | Build | Market |
| 14:42 | Build | Blacksmith |
| 14:49 | Build | Farm |
| 14:50 | Build | Farm |
| 14:51 | Build | Farm |
| 14:54 | Create | Villager (Male) |
| 15:39 | Research | Castle Age |
| 15:40 | Research | Castle Age |
| 16:41 | Build | Settlement |
| 16:53 | Create | Villager (Male) |
| 16:57 | Build | House |
| 16:58 | Build | House |
| 17:23 | Research | Scale Mail Armor |
| 17:35 | Build | House |
| 17:39 | Create | Villager (Male) |
| 17:54 | Build | Farm |
| 17:55 | Build | Farm |
| 18:01 | Create | Spearman |
| 18:02 | Create | Spearman |
| 18:05 | Build | House |
| 18:19 | Create | Spearman |
| 18:19 | Age | Castle Age |
| 18:24 | Create | Spearman |
| 18:36 | Build | Farm |
| 18:51 | Create | Villager (Male) |
| 18:55 | Build | Siege Workshop |
| 19:10 | Build | Farm |
| 19:12 | Build | Farm |
| 20:20 | Research | Pikeman (upgrade) |
| 20:31 | Research | Pikeman (upgrade) |
| 20:36 | Create | Spearman |
| 20:37 | Create | Spearman |
| 21:10 | Create | Villager (Male) |
| 21:10 | Create | Villager (Male) |
| 21:15 | Create | Battering Ram |
| 21:27 | Create | Spearman |
| 21:33 | Build | Settlement |
| 21:45 | Build | Farm |
| 21:59 | Create | Spearman |
| 21:59 | Create | Spearman |
| 22:22 | Create | Battering Ram |
| 22:30 | Build | Farm |
| 22:38 | Build | Farm |
| 22:40 | Create | Villager (Male) |
| 22:41 | Create | Villager (Male) |
| 22:44 | Create | Spearman |
| 24:25 | Research | Bow Saw |
| 24:26 | Research | Horse Collar |
| 24:34 | Create | Battering Ram |
| 24:35 | Create | Villager (Male) |
| 24:35 | Create | Villager (Male) |
| 24:36 | Create | Villager (Male) |
| 24:42 | Build | Town Center |
| 24:56 | Create | Villager (Male) |
| 24:56 | Create | Villager (Male) |
| 24:57 | Create | Villager (Male) |
| 24:57 | Create | Villager (Male) |
| 25:11 | Create | Villager (Male) |
| 25:16 | Create | Villager (Male) |
| 25:20 | Create | Spearman |
| 25:21 | Create | Spearman |
| 25:21 | Create | Spearman |
| 25:21 | Create | Spearman |
| 25:28 | Build | Farm |
| 25:28 | Build | Farm |
| 25:29 | Build | Farm |
| 25:30 | Build | Farm |
| 25:31 | Build | Farm |
| 25:32 | Build | Farm |
| 25:40 | Build | Farm |
| 25:59 | Create | Spearman |
| 26:00 | Create | Spearman |
| 26:25 | Create | Spearman |
| 26:25 | Create | Spearman |
| 26:27 | Create | Spearman |
| 26:59 | Research | Wheelbarrow |
| 27:00 | Create | Villager (Male) |
| 27:00 | Create | Villager (Male) |
| 27:24 | Create | Villager (Male) |
| 27:24 | Create | Villager (Male) |
| 27:25 | Create | Villager (Male) |
| 27:27 | Build | Farm |
| 27:29 | Build | Farm |
| 27:40 | Create | Battering Ram |
| 27:40 | Create | Battering Ram |
| 27:41 | Create | Villager (Male) |
| 28:17 | Create | Villager (Male) |
| 28:17 | Create | Villager (Male) |
| 28:17 | Create | Villager (Male) |
| 28:18 | Create | Villager (Male) |
| 28:20 | Create | Villager (Male) |
| 28:27 | Create | Battering Ram |
| 28:28 | Create | Villager (Male) |
| 28:50 | Build | Farm |
| 28:51 | Build | Farm |
| 29:05 | Create | Spearman |
| 29:05 | Create | Spearman |
| 29:05 | Create | Spearman |
| 29:06 | Create | Spearman |
| 29:07 | Create | Spearman |
| 29:15 | Build | House |
| 29:16 | Build | House |
| 29:16 | Build | House |
| 29:17 | Build | House |
| 29:19 | Build | House |
| 29:22 | Create | Villager (Male) |
| 29:22 | Create | Villager (Male) |
| 29:23 | Create | Villager (Male) |
| 29:35 | Create | Villager (Male) |
| 29:57 | Create | Battering Ram |
| 30:01 | Create | Spearman |
| 30:02 | Create | Spearman |
| 30:02 | Create | Spearman |
Build order — 凌兮梦
First 150 of 436 actions detected
| 0:21 | Build | Town Center |
| 1:59 | Build | Palisade Gate |
| 2:37 | Build | House |
| 2:41 | Create | Villager (Male) |
| 2:41 | Create | Villager (Male) |
| 2:41 | Create | Villager (Male) |
| 2:41 | Create | Villager (Male) |
| 2:42 | Create | Villager (Male) |
| 3:19 | Build | Palisade Gate |
| 3:57 | Create | Villager (Male) |
| 3:57 | Create | Villager (Male) |
| 4:17 | Build | House |
| 4:31 | Build | House |
| 5:09 | Create | Villager (Male) |
| 5:09 | Create | Villager (Male) |
| 5:09 | Create | Villager (Male) |
| 5:10 | Create | Villager (Male) |
| 5:41 | Create | Villager (Male) |
| 5:41 | Create | Villager (Male) |
| 5:54 | Research | Loom |
| 6:00 | Build | House |
| 6:04 | Create | Villager (Male) |
| 6:04 | Create | Villager (Male) |
| 6:04 | Create | Villager (Male) |
| 7:03 | Create | Villager (Male) |
| 7:03 | Create | Villager (Male) |
| 7:20 | Create | Villager (Male) |
| 7:20 | Create | Villager (Male) |
| 7:47 | Build | House |
| 8:16 | Create | Villager (Male) |
| 8:16 | Create | Villager (Male) |
| 8:17 | Create | Villager (Male) |
| 8:58 | Create | Villager (Male) |
| 9:24 | Build | House |
| 9:34 | Create | Villager (Male) |
| 9:48 | Create | Villager (Male) |
| 9:53 | Build | House |
| 10:16 | Create | Villager (Male) |
| 10:20 | Build | Palisade Wall |
| 10:29 | Build | Mill |
| 10:42 | Build | House |
| 10:52 | Create | Villager (Male) |
| 11:26 | Build | House |
| 11:33 | Build | House |
| 11:51 | Create | Villager (Male) |
| 11:59 | Build | Mining Camp |
| 12:51 | Research | Feudal Age |
| 13:06 | Build | Palisade Wall |
| 13:08 | Create | Villager (Male) |
| 13:59 | Create | Villager (Male) |
| 14:09 | Age | Feudal Age |
| 14:16 | Create | Villager (Male) |
| 14:31 | Build | Palisade Gate |
| 14:40 | Build | Market |
| 15:12 | Build | House |
| 15:15 | Build | Palisade Wall |
| 15:17 | Build | Palisade Wall |
| 15:21 | Create | Villager (Male) |
| 15:38 | Build | Mill |
| 15:45 | Create | Villager (Male) |
| 15:50 | Build | Farm |
| 15:50 | Build | Farm |
| 15:56 | Build | Blacksmith |
| 16:10 | Build | Farm |
| 16:11 | Build | Farm |
| 16:15 | Build | House |
| 16:26 | Create | Villager (Male) |
| 16:36 | Build | Farm |
| 16:59 | Build | Palisade Wall |
| 17:00 | Build | Palisade Wall |
| 17:02 | Research | Castle Age |
| 17:04 | Build | Palisade Wall |
| 17:42 | Build | Lumber Camp |
| 18:12 | Create | Villager (Male) |
| 18:38 | Age | Castle Age |
| 18:44 | Build | Town Center |
| 18:52 | Create | Villager (Male) |
| 19:01 | Build | Town Center |
| 19:04 | Create | Villager (Male) |
| 19:04 | Create | Villager (Male) |
| 19:21 | Create | Villager (Male) |
| 19:34 | Create | Villager (Male) |
| 19:42 | Create | Villager (Male) |
| 19:51 | Create | Villager (Male) |
| 19:53 | Create | Villager (Male) |
| 20:00 | Create | Villager (Male) |
| 20:09 | Create | Villager (Male) |
| 20:16 | Create | Villager (Male) |
| 20:18 | Create | Villager (Male) |
| 20:29 | Research | Double-Bit Axe |
| 20:30 | Create | Villager (Male) |
| 20:45 | Build | Farm |
| 20:45 | Build | Farm |
| 20:46 | Build | Farm |
| 20:46 | Build | Farm |
| 20:46 | Build | Farm |
| 20:50 | Build | Farm |
| 20:53 | Build | Farm |
| 20:54 | Build | Farm |
| 20:54 | Build | Farm |
| 20:54 | Build | Farm |
| 20:54 | Build | Farm |
| 21:02 | Build | House |
| 21:07 | Create | Villager (Male) |
| 21:07 | Create | Villager (Male) |
| 21:21 | Create | Villager (Male) |
| 21:30 | Build | Farm |
| 21:32 | Create | Villager (Male) |
| 21:33 | Create | Villager (Male) |
| 21:35 | Build | Farm |
| 21:37 | Create | Villager (Male) |
| 21:40 | Create | Villager (Male) |
| 21:45 | Create | Villager (Male) |
| 21:48 | Build | House |
| 21:50 | Build | House |
| 21:51 | Build | House |
| 21:57 | Build | Farm |
| 22:08 | Create | Villager (Male) |
| 22:13 | Create | Villager (Male) |
| 22:19 | Create | Villager (Male) |
| 22:26 | Create | Villager (Male) |
| 22:43 | Create | Villager (Male) |
| 22:43 | Create | Villager (Male) |
| 22:56 | Create | Villager (Male) |
| 22:56 | Create | Villager (Male) |
| 23:02 | Build | Farm |
| 23:09 | Create | Villager (Male) |
| 23:20 | Build | Town Center |
| 23:23 | Create | Villager (Male) |
| 23:23 | Create | Villager (Male) |
| 23:31 | Create | Villager (Male) |
| 23:36 | Create | Villager (Male) |
| 23:42 | Create | Villager (Male) |
| 23:47 | Build | House |
| 23:49 | Create | Villager (Male) |
| 23:53 | Create | Villager (Male) |
| 23:59 | Build | House |
| 24:00 | Build | House |
| 24:01 | Build | House |
| 24:03 | Build | House |
| 24:05 | Create | Villager (Male) |
| 24:05 | Create | Villager (Male) |
| 24:17 | Create | Villager (Male) |
| 24:30 | Build | Town Center |
| 24:32 | Create | Villager (Male) |
| 24:33 | Research | Wheelbarrow |
| 24:34 | Create | Villager (Male) |
| 24:34 | Create | Villager (Male) |
| 24:40 | Create | Villager (Male) |
| 24:40 | Create | Villager (Male) |
Build order — 食肉的羊
First 150 of 160 actions detected
| 0:27 | Build | Town Center |
| 0:43 | Build | House |
| 0:45 | Build | House |
| 0:46 | Build | House |
| 0:48 | Build | Lumber Camp |
| 2:34 | Create | Villager (Male) |
| 2:35 | Create | Villager (Male) |
| 2:35 | Create | Villager (Male) |
| 2:35 | Create | Villager (Male) |
| 3:51 | Research | Loom |
| 3:51 | Research | Loom |
| 4:15 | Build | House |
| 5:22 | Create | Villager (Male) |
| 5:22 | Create | Villager (Male) |
| 5:50 | Create | Villager (Male) |
| 6:08 | Create | Villager (Male) |
| 6:08 | Create | Villager (Male) |
| 6:30 | Create | Villager (Male) |
| 6:38 | Build | Mill |
| 6:53 | Create | Villager (Male) |
| 7:25 | Create | Villager (Male) |
| 7:55 | Create | Villager (Male) |
| 7:55 | Create | Villager (Male) |
| 8:28 | Create | Villager (Male) |
| 8:48 | Create | Villager (Male) |
| 8:48 | Create | Villager (Male) |
| 8:48 | Create | Villager (Male) |
| 8:48 | Create | Villager (Male) |
| 9:10 | Create | Villager (Male) |
| 10:22 | Create | Villager (Male) |
| 10:46 | Create | Villager (Male) |
| 10:47 | Build | House |
| 11:05 | Create | Villager (Male) |
| 11:13 | Build | Mining Camp |
| 11:54 | Build | Mill |
| 11:58 | Create | Villager (Male) |
| 12:12 | Research | Feudal Age |
| 12:13 | Research | Feudal Age |
| 14:18 | Build | Palisade Wall |
| 14:19 | Build | Palisade Wall |
| 14:20 | Build | Palisade Wall |
| 14:27 | Build | Palisade Wall |
| 14:35 | Age | Feudal Age |
| 14:43 | Build | Blacksmith |
| 14:44 | Build | Market |
| 14:55 | Create | Villager (Male) |
| 15:42 | Research | Castle Age |
| 15:59 | Build | Barracks |
| 16:17 | Build | Palisade Wall |
| 16:55 | Build | Archery Range |
| 17:40 | Create | Archer |
| 17:40 | Create | Archer |
| 17:41 | Create | Archer |
| 17:44 | Build | Watch Tower |
| 17:52 | Research | Fletching |
| 17:53 | Research | Fletching |
| 18:21 | Build | House |
| 18:22 | Age | Castle Age |
| 19:13 | Create | Archer |
| 19:15 | Create | Archer |
| 20:31 | Create | Archer |
| 20:31 | Create | Archer |
| 20:32 | Create | Archer |
| 20:44 | Create | Villager (Male) |
| 21:10 | Build | House |
| 21:11 | Build | House |
| 21:12 | Build | House |
| 21:23 | Research | Crossbowman (upgrade) |
| 21:23 | Research | Crossbowman (upgrade) |
| 21:24 | Create | Archer |
| 21:25 | Create | Archer |
| 21:25 | Create | Archer |
| 21:25 | Create | Archer |
| 21:25 | Create | Archer |
| 21:34 | Build | Siege Workshop |
| 21:41 | Create | Archer |
| 21:42 | Create | Archer |
| 21:49 | Build | Archery Range |
| 22:09 | Build | Mining Camp |
| 22:24 | Research | Double-Bit Axe |
| 22:24 | Research | Double-Bit Axe |
| 22:40 | Build | House |
| 23:01 | Create | Archer |
| 23:01 | Create | Archer |
| 23:23 | Create | Archer |
| 23:31 | Create | Archer |
| 23:31 | Create | Archer |
| 23:31 | Create | Archer |
| 24:04 | Build | Town Center |
| 24:15 | Create | Archer |
| 24:16 | Create | Archer |
| 24:32 | Create | Archer |
| 24:32 | Create | Archer |
| 24:37 | Build | Farm |
| 24:37 | Build | Farm |
| 24:37 | Build | Farm |
| 24:42 | Build | Farm |
| 24:42 | Build | Farm |
| 25:15 | Create | Archer |
| 25:15 | Create | Archer |
| 25:15 | Create | Archer |
| 25:25 | Build | Farm |
| 25:37 | Create | Archer |
| 25:37 | Create | Archer |
| 26:08 | Build | Mining Camp |
| 26:45 | Create | Villager (Male) |
| 26:46 | Create | Villager (Male) |
| 26:59 | Build | Farm |
| 27:09 | Create | Mangonel |
| 27:31 | Create | Villager (Male) |
| 28:12 | Create | Archer |
| 28:12 | Create | Archer |
| 28:14 | Build | Farm |
| 28:15 | Create | Villager (Male) |
| 28:19 | Build | Lumber Camp |
| 28:30 | Create | Villager (Male) |
| 28:32 | Create | Villager (Male) |
| 28:32 | Create | Villager (Male) |
| 28:40 | Create | Villager (Male) |
| 29:22 | Create | Villager (Male) |
| 29:24 | Create | Villager (Male) |
| 29:27 | Build | House |
| 29:28 | Build | House |
| 31:47 | Build | Monastery |
| 31:55 | Research | Bodkin Arrow |
| 33:18 | Build | Town Center |
| 34:30 | Create | Villager (Male) |
| 34:54 | Build | Farm |
| 34:54 | Build | Farm |
| 34:54 | Build | Farm |
| 34:55 | Build | Farm |
| 34:55 | Build | Farm |
| 35:02 | Build | Farm |
| 35:02 | Build | Farm |
| 35:02 | Build | Farm |
| 35:51 | Create | Villager (Male) |
| 36:21 | Create | Villager (Male) |
| 37:07 | Build | Archery Range |
| 37:19 | Create | Villager (Male) |
| 37:48 | Create | Villager (Male) |
| 37:48 | Create | Villager (Male) |
| 38:02 | Create | Archer |
| 38:02 | Create | Archer |
| 38:26 | Create | Villager (Male) |
| 38:48 | Create | Archer |
| 38:54 | Create | Archer |
| 38:55 | Create | Archer |
| 39:14 | Build | House |
| 39:15 | Build | House |
| 39:42 | Create | Archer |
Build order — 楠
First 150 of 183 actions detected
| 0:38 | Build | Town Center |
| 0:52 | Build | Settlement |
| 3:16 | Research | Loom |
| 3:16 | Create | Villager (Male) |
| 3:17 | Create | Villager (Male) |
| 3:17 | Create | Villager (Male) |
| 3:55 | Create | Villager (Male) |
| 5:31 | Create | Villager (Male) |
| 5:45 | Create | Villager (Male) |
| 6:26 | Create | Villager (Male) |
| 6:27 | Create | Villager (Male) |
| 7:09 | Create | Villager (Male) |
| 7:10 | Create | Villager (Male) |
| 7:10 | Create | Villager (Male) |
| 8:29 | Build | Settlement |
| 8:34 | Create | Villager (Male) |
| 8:38 | Create | Villager (Male) |
| 9:04 | Create | Villager (Male) |
| 9:24 | Create | Villager (Male) |
| 9:41 | Create | Villager (Male) |
| 10:17 | Create | Villager (Male) |
| 10:25 | Create | Villager (Male) |
| 11:01 | Research | Feudal Age |
| 12:00 | Build | Barracks |
| 12:39 | Create | Villager (Male) |
| 12:43 | Create | Unit 2550 |
| 12:44 | Create | Unit 2550 |
| 13:14 | Age | Feudal Age |
| 13:40 | Build | Watch Tower |
| 13:49 | Create | Villager (Male) |
| 14:04 | Create | Unit 2550 |
| 14:09 | Build | Settlement |
| 14:14 | Research | Arson |
| 14:31 | Create | Villager (Male) |
| 14:32 | Create | Villager (Male) |
| 14:43 | Build | Palisade Wall |
| 14:46 | Build | Palisade Wall |
| 14:46 | Build | Palisade Wall |
| 14:47 | Build | Palisade Wall |
| 15:26 | Create | Unit 2550 |
| 15:35 | Create | Villager (Male) |
| 16:02 | Build | Watch Tower |
| 16:16 | Create | Villager (Male) |
| 16:33 | Create | Unit 2550 |
| 16:49 | Build | Palisade Wall |
| 16:50 | Build | Palisade Wall |
| 16:51 | Build | Palisade Wall |
| 16:52 | Build | Palisade Wall |
| 17:14 | Build | Palisade Wall |
| 17:15 | Create | Villager (Male) |
| 17:22 | Build | Watch Tower |
| 17:42 | Build | Farm |
| 17:43 | Build | Farm |
| 17:44 | Build | Farm |
| 17:45 | Create | Villager (Male) |
| 18:22 | Create | Unit 2550 |
| 18:35 | Build | Farm |
| 18:35 | Build | Farm |
| 18:36 | Build | Farm |
| 18:36 | Build | Farm |
| 18:36 | Build | Farm |
| 19:05 | Create | Villager (Male) |
| 19:20 | Build | Palisade Wall |
| 19:56 | Create | Villager (Male) |
| 19:57 | Create | Villager (Male) |
| 19:58 | Build | Farm |
| 20:02 | Build | Farm |
| 20:20 | Create | Villager (Male) |
| 20:23 | Build | Farm |
| 21:09 | Build | Farm |
| 21:25 | Create | Villager (Male) |
| 21:31 | Research | Double-Bit Axe |
| 21:36 | Create | Unit 2550 |
| 21:53 | Build | House |
| 22:08 | Create | Villager (Male) |
| 22:12 | Create | Unit 2550 |
| 22:35 | Build | Farm |
| 22:38 | Build | Farm |
| 22:39 | Build | Farm |
| 22:39 | Build | Farm |
| 22:39 | Build | Farm |
| 22:48 | Create | Villager (Male) |
| 23:00 | Research | Horse Collar |
| 23:26 | Build | Outpost |
| 23:31 | Create | Villager (Male) |
| 23:37 | Create | Villager (Male) |
| 24:03 | Build | Watch Tower |
| 24:06 | Create | Villager (Male) |
| 24:12 | Build | Market |
| 24:22 | Create | Villager (Male) |
| 24:56 | Build | Watch Tower |
| 25:20 | Build | Blacksmith |
| 25:44 | Build | Stone Wall |
| 25:45 | Build | Stone Wall |
| 25:46 | Build | Stone Wall |
| 25:47 | Build | Stone Wall |
| 26:18 | Create | Villager (Male) |
| 26:26 | Research | Fletching |
| 27:11 | Create | Villager (Male) |
| 27:18 | Create | Villager (Male) |
| 27:45 | Build | Market |
| 28:11 | Build | Farm |
| 28:52 | Build | Archery Range |
| 29:02 | Research | Castle Age |
| 29:36 | Create | Villager (Male) |
| 29:51 | Create | Archer |
| 30:07 | Build | Farm |
| 30:42 | Build | Stone Wall |
| 31:16 | Create | Archer |
| 31:17 | Create | Archer |
| 31:24 | Build | Stone Wall |
| 31:25 | Build | Stone Wall |
| 31:27 | Build | Stone Wall |
| 31:27 | Build | Stone Wall |
| 31:42 | Create | Villager (Male) |
| 31:42 | Age | Castle Age |
| 32:14 | Create | Villager (Male) |
| 32:24 | Create | Archer |
| 32:30 | Create | Villager (Male) |
| 32:31 | Create | Villager (Male) |
| 32:42 | Research | Bodkin Arrow |
| 33:14 | Research | Crossbowman (upgrade) |
| 33:21 | Create | Archer |
| 33:25 | Create | Villager (Male) |
| 33:49 | Create | Villager (Male) |
| 33:55 | Build | Farm |
| 33:55 | Build | Farm |
| 34:07 | Create | Villager (Male) |
| 34:24 | Create | Villager (Male) |
| 34:42 | Create | Villager (Male) |
| 35:04 | Build | Market |
| 35:11 | Create | Villager (Male) |
| 35:11 | Create | Villager (Male) |
| 36:05 | Create | Villager (Male) |
| 36:30 | Build | House |
| 36:31 | Build | House |
| 36:38 | Create | Archer |
| 37:03 | Create | Villager (Male) |
| 37:21 | Build | Town Center |
| 37:30 | Build | Town Center |
| 37:37 | Create | Villager (Male) |
| 37:37 | Create | Villager (Male) |
| 37:38 | Create | Villager (Male) |
| 37:45 | Build | House |
| 37:46 | Build | House |
| 37:47 | Build | House |
| 37:48 | Create | Villager (Male) |
| 38:00 | Create | Villager (Male) |
| 38:01 | Create | Villager (Male) |
| 38:09 | Create | Archer |
Build order — 楚辞誉
First 150 of 316 actions detected
| 0:48 | Build | Town Center |
| 2:08 | Build | House |
| 2:54 | Build | House |
| 3:02 | Create | Villager (Male) |
| 3:02 | Create | Villager (Male) |
| 3:02 | Create | Villager (Male) |
| 3:06 | Build | House |
| 3:09 | Build | House |
| 3:17 | Create | Villager (Male) |
| 4:23 | Build | House |
| 4:48 | Create | Villager (Male) |
| 4:58 | Build | House |
| 5:03 | Build | House |
| 5:14 | Create | Villager (Male) |
| 5:14 | Create | Villager (Male) |
| 5:58 | Create | Villager (Male) |
| 5:58 | Create | Villager (Male) |
| 6:22 | Build | House |
| 6:28 | Create | Villager (Male) |
| 6:50 | Research | Loom |
| 6:55 | Build | House |
| 7:03 | Create | Villager (Male) |
| 7:28 | Create | Villager (Male) |
| 7:56 | Create | Villager (Male) |
| 8:02 | Create | Villager (Male) |
| 8:31 | Create | Villager (Male) |
| 8:43 | Build | Mill |
| 8:48 | Create | Villager (Male) |
| 9:05 | Create | Villager (Male) |
| 9:32 | Create | Villager (Male) |
| 10:05 | Create | Villager (Male) |
| 10:44 | Create | Villager (Male) |
| 10:45 | Build | House |
| 11:24 | Build | Mining Camp |
| 11:27 | Create | Villager (Male) |
| 11:55 | Research | Feudal Age |
| 12:29 | Build | House |
| 14:05 | Age | Feudal Age |
| 14:09 | Build | Blacksmith |
| 14:14 | Build | Market |
| 14:16 | Create | Villager (Male) |
| 14:17 | Create | Villager (Male) |
| 14:50 | Build | House |
| 14:50 | Build | House |
| 15:12 | Research | Castle Age |
| 15:23 | Build | Lumber Camp |
| 15:35 | Build | House |
| 15:49 | Research | Double-Bit Axe |
| 16:16 | Research | Bow Saw |
| 17:52 | Age | Castle Age |
| 17:56 | Create | Villager (Male) |
| 18:02 | Build | Castle |
| 18:07 | Create | Villager (Male) |
| 18:19 | Research | Horse Collar |
| 18:35 | Research | Scale Barding Armor |
| 18:48 | Build | Siege Workshop |
| 19:00 | Create | Villager (Male) |
| 19:02 | Create | Villager (Male) |
| 19:30 | Create | Coustillier |
| 19:34 | Build | Farm |
| 19:47 | Create | Coustillier |
| 20:05 | Create | Coustillier |
| 20:10 | Build | Town Center |
| 20:15 | Build | Farm |
| 20:38 | Create | Coustillier |
| 20:53 | Build | Siege Workshop |
| 21:12 | Create | Villager (Male) |
| 21:26 | Create | Villager (Male) |
| 21:56 | Build | Farm |
| 21:58 | Create | Mangonel |
| 21:59 | Create | Villager (Male) |
| 22:01 | Create | Villager (Male) |
| 22:08 | Build | House |
| 22:12 | Build | Farm |
| 22:12 | Build | Farm |
| 22:13 | Build | Farm |
| 22:13 | Build | Farm |
| 22:25 | Create | Coustillier |
| 22:41 | Build | Farm |
| 22:58 | Create | Villager (Male) |
| 22:59 | Create | Villager (Male) |
| 23:02 | Build | House |
| 23:25 | Create | Coustillier |
| 23:26 | Create | Villager (Male) |
| 23:40 | Create | Coustillier |
| 24:03 | Create | Coustillier |
| 24:04 | Create | Villager (Male) |
| 24:09 | Build | Farm |
| 24:11 | Build | Farm |
| 24:14 | Build | Farm |
| 24:28 | Create | Coustillier |
| 24:37 | Create | Scorpion |
| 24:47 | Build | Farm |
| 24:49 | Build | Farm |
| 24:51 | Create | Villager (Male) |
| 24:51 | Create | Villager (Male) |
| 25:00 | Build | Farm |
| 25:13 | Create | Scorpion |
| 25:15 | Create | Villager (Male) |
| 25:29 | Create | Coustillier |
| 25:32 | Create | Villager (Male) |
| 25:51 | Create | Coustillier |
| 25:53 | Create | Villager (Male) |
| 26:08 | Create | Coustillier |
| 26:18 | Build | Farm |
| 26:19 | Build | Farm |
| 26:19 | Build | Farm |
| 26:21 | Build | Farm |
| 26:22 | Build | Farm |
| 26:23 | Build | Farm |
| 26:24 | Build | Farm |
| 26:27 | Build | Farm |
| 26:33 | Create | Villager (Male) |
| 26:52 | Create | Villager (Male) |
| 26:59 | Create | Coustillier |
| 27:04 | Create | Coustillier |
| 27:05 | Create | Villager (Male) |
| 27:40 | Create | Coustillier |
| 27:41 | Create | Villager (Male) |
| 27:45 | Create | Coustillier |
| 27:47 | Create | Villager (Male) |
| 27:48 | Create | Villager (Male) |
| 27:57 | Build | Town Center |
| 28:07 | Create | Coustillier |
| 28:18 | Build | Monastery |
| 28:20 | Create | Villager (Male) |
| 28:22 | Create | Villager (Male) |
| 28:43 | Create | Coustillier |
| 28:48 | Create | Villager (Male) |
| 28:49 | Create | Villager (Male) |
| 28:57 | Create | Coustillier |
| 29:08 | Create | Monk |
| 29:15 | Research | Heavy Plow |
| 29:37 | Create | Coustillier |
| 29:47 | Research | Forging |
| 29:49 | Create | Coustillier |
| 29:50 | Create | Villager (Male) |
| 30:30 | Research | Chain Barding Armor |
| 30:38 | Create | Villager (Male) |
| 30:40 | Build | Farm |
| 30:42 | Build | Farm |
| 30:43 | Create | Villager (Male) |
| 30:47 | Build | Farm |
| 30:47 | Build | Farm |
| 30:48 | Build | Farm |
| 30:48 | Build | Farm |
| 30:49 | Build | Farm |
| 30:53 | Build | Farm |
| 30:55 | Build | Farm |
| 30:57 | Create | Coustillier |
Build order — 小米加步槍
First 150 of 284 actions detected
| 0:16 | Build | Town Center |
| 1:53 | Build | House |
| 2:34 | Create | Villager (Male) |
| 2:34 | Create | Villager (Male) |
| 2:34 | Create | Villager (Male) |
| 2:44 | Create | Villager (Male) |
| 2:47 | Build | House |
| 3:48 | Create | Villager (Male) |
| 3:48 | Create | Villager (Male) |
| 4:47 | Research | Loom |
| 4:57 | Create | Villager (Male) |
| 4:57 | Create | Villager (Male) |
| 5:47 | Create | Villager (Male) |
| 5:48 | Create | Villager (Male) |
| 6:17 | Create | Villager (Male) |
| 6:18 | Create | Villager (Male) |
| 6:18 | Create | Villager (Male) |
| 7:18 | Create | Villager (Male) |
| 7:19 | Create | Villager (Male) |
| 7:19 | Create | Villager (Male) |
| 7:20 | Create | Villager (Male) |
| 7:47 | Create | Villager (Male) |
| 7:47 | Create | Villager (Male) |
| 8:18 | Create | Villager (Male) |
| 8:18 | Create | Villager (Male) |
| 8:37 | Build | House |
| 9:16 | Create | Villager (Male) |
| 9:37 | Create | Villager (Male) |
| 9:46 | Build | House |
| 9:54 | Build | House |
| 10:01 | Build | House |
| 10:06 | Build | House |
| 10:17 | Create | Villager (Male) |
| 10:17 | Create | Villager (Male) |
| 10:36 | Build | House |
| 10:41 | Create | Villager (Male) |
| 10:57 | Create | Villager (Male) |
| 10:57 | Create | Villager (Male) |
| 11:06 | Create | Villager (Male) |
| 12:03 | Create | Villager (Male) |
| 12:11 | Research | Feudal Age |
| 12:50 | Build | Lumber Camp |
| 13:26 | Create | Villager (Male) |
| 13:50 | Build | Mining Camp |
| 14:25 | Age | Feudal Age |
| 14:29 | Create | Villager (Male) |
| 14:32 | Create | Villager (Male) |
| 14:38 | Build | Stable |
| 14:42 | Build | House |
| 15:13 | Create | Villager (Male) |
| 15:39 | Research | Castle Age |
| 15:45 | Research | Double-Bit Axe |
| 15:48 | Build | House |
| 15:49 | Build | House |
| 15:59 | Build | House |
| 16:02 | Create | Scout Cavalry |
| 17:10 | Build | Farm |
| 17:25 | Create | Villager (Male) |
| 17:29 | Build | Farm |
| 17:30 | Build | Farm |
| 17:31 | Build | Farm |
| 17:32 | Build | Farm |
| 17:33 | Build | Farm |
| 17:34 | Build | Farm |
| 18:10 | Build | Farm |
| 18:11 | Build | Farm |
| 18:20 | Age | Castle Age |
| 18:23 | Create | Knight |
| 18:23 | Create | Knight |
| 18:26 | Create | Villager (Male) |
| 19:01 | Build | Siege Workshop |
| 19:09 | Create | Knight |
| 19:11 | Create | Villager (Male) |
| 19:16 | Build | House |
| 19:17 | Build | House |
| 19:47 | Create | Knight |
| 19:47 | Create | Knight |
| 20:01 | Create | Knight |
| 20:01 | Create | Knight |
| 20:18 | Create | Battering Ram |
| 20:19 | Create | Battering Ram |
| 20:21 | Create | Knight |
| 20:41 | Create | Villager (Male) |
| 20:45 | Build | Blacksmith |
| 21:33 | Create | Villager (Male) |
| 21:35 | Create | Battering Ram |
| 21:35 | Create | Battering Ram |
| 21:39 | Research | Scale Barding Armor |
| 21:41 | Create | Knight |
| 21:41 | Create | Knight |
| 21:46 | Build | Farm |
| 22:09 | Create | Villager (Male) |
| 22:10 | Create | Villager (Male) |
| 22:13 | Build | Farm |
| 22:44 | Create | Battering Ram |
| 22:45 | Create | Villager (Male) |
| 22:46 | Create | Villager (Male) |
| 22:48 | Build | Farm |
| 23:05 | Create | Villager (Male) |
| 23:24 | Build | House |
| 23:25 | Build | House |
| 23:31 | Create | Knight |
| 23:31 | Create | Knight |
| 23:34 | Build | Farm |
| 23:35 | Build | Farm |
| 24:24 | Create | Villager (Male) |
| 24:25 | Create | Villager (Male) |
| 24:52 | Research | Chain Barding Armor |
| 25:28 | Create | Knight |
| 25:28 | Create | Knight |
| 25:30 | Create | Villager (Male) |
| 25:30 | Create | Villager (Male) |
| 25:32 | Build | Farm |
| 25:33 | Build | Farm |
| 25:34 | Build | Farm |
| 26:30 | Create | Battering Ram |
| 26:30 | Create | Battering Ram |
| 26:45 | Create | Knight |
| 26:55 | Create | Villager (Male) |
| 26:55 | Create | Villager (Male) |
| 27:10 | Build | House |
| 27:10 | Build | House |
| 27:11 | Build | Farm |
| 27:12 | Create | Villager (Male) |
| 27:13 | Create | Villager (Male) |
| 28:06 | Create | Battering Ram |
| 28:06 | Create | Battering Ram |
| 28:12 | Build | House |
| 28:13 | Build | House |
| 28:14 | Create | Knight |
| 28:32 | Create | Villager (Male) |
| 28:32 | Create | Villager (Male) |
| 28:33 | Create | Knight |
| 28:58 | Create | Villager (Male) |
| 29:04 | Create | Villager (Male) |
| 29:05 | Build | Farm |
| 29:12 | Build | Town Center |
| 29:28 | Create | Villager (Male) |
| 29:28 | Create | Villager (Male) |
| 29:33 | Create | Knight |
| 29:45 | Research | Gold Mining |
| 29:45 | Research | Gold Mining |
| 29:48 | Research | Bow Saw |
| 29:48 | Research | Bow Saw |
| 29:53 | Create | Villager (Male) |
| 30:01 | Create | Villager (Male) |
| 30:21 | Build | Lumber Camp |
| 30:27 | Create | Villager (Male) |
| 30:27 | Create | Villager (Male) |
| 30:36 | Create | Villager (Male) |
Match timeline
| 4:07 | 悲伤猫头橘 · wall_segment Palisade Wall x1 |
| 4:19 | 悲伤猫头橘 · wall_segment Palisade Wall x1 |
| 8:34 | 悲伤猫头橘 · wall_segment Palisade Wall x5 |
| 10:20 | 凌兮梦 · wall_segment Palisade Wall x8 |
| 12:00 | 楠 · first_building Barracks |
| 12:53 | 悲伤猫头橘 · wall_segment Palisade Wall x2 |
| 12:56 | 悲伤猫头橘 · wall_segment Palisade Wall x3 |
| 13:06 | 凌兮梦 · wall_segment Palisade Wall x9 |
| 13:14 | 楠 · age_up feudal |
| 14:05 | 楚辞誉 · age_up feudal |
| 14:09 | 凌兮梦 · age_up feudal |
| 14:18 | 食肉的羊 · wall_segment Palisade Wall x1 |
| 14:19 | 食肉的羊 · wall_segment Palisade Wall x1 |
| 14:19 | 永不服输 · age_up feudal |
| 14:20 | 食肉的羊 · wall_segment Palisade Wall x1 |
| 14:25 | 小米加步槍 · age_up feudal |
| 14:27 | 食肉的羊 · wall_segment Palisade Wall x1 |
| 14:35 | 食肉的羊 · age_up feudal |
| 14:38 | 小米加步槍 · first_building Stable |
| 14:43 | 楠 · wall_segment Palisade Wall x1 |
| 14:46 | 楠 · wall_segment Palisade Wall x1 |
| 14:46 | 楠 · wall_segment Palisade Wall x1 |
| 14:47 | 楠 · wall_segment Palisade Wall x1 |
| 15:02 | 悲伤猫头橘 · age_up feudal |
| 15:11 | 楚辞誉 · first_market_sell 100 food |
| 15:15 | 凌兮梦 · wall_segment Palisade Wall x1 |
| 15:17 | 凌兮梦 · wall_segment Palisade Wall x1 |
| 15:34 | 食肉的羊 · first_market_buy 100 food |
| 15:59 | 食肉的羊 · first_building Barracks |
| 16:16 | TON618 · age_up feudal |
| 16:17 | 食肉的羊 · wall_segment Palisade Wall x1 |
| 16:49 | 楠 · wall_segment Palisade Wall x1 |
| 16:50 | 楠 · wall_segment Palisade Wall x1 |
| 16:51 | 楠 · wall_segment Palisade Wall x1 |
| 16:52 | 楠 · wall_segment Palisade Wall x1 |
| 16:52 | 悲伤猫头橘 · wall_segment Palisade Wall x1 |
| 16:55 | 食肉的羊 · first_building Archery Range |
| 16:59 | 凌兮梦 · wall_segment Palisade Wall x1 |
| 17:00 | 凌兮梦 · wall_segment Palisade Wall x1 |
| 17:04 | 凌兮梦 · wall_segment Palisade Wall x1 |
| 17:08 | 悲伤猫头橘 · first_market_buy 100 wood |
| 17:14 | 楠 · wall_segment Palisade Wall x1 |
| 17:18 | 悲伤猫头橘 · wall_segment Palisade Wall x3 |
| 17:21 | 悲伤猫头橘 · wall_segment Palisade Wall x3 |
| 17:25 | 悲伤猫头橘 · wall_segment Palisade Wall x1 |
| 17:26 | 悲伤猫头橘 · wall_segment Palisade Wall x1 |
| 17:27 | 悲伤猫头橘 · wall_segment Palisade Wall x1 |
| 17:30 | 悲伤猫头橘 · wall_segment Palisade Wall x1 |
| 17:32 | 悲伤猫头橘 · wall_segment Palisade Wall x1 |
| 17:33 | 悲伤猫头橘 · wall_segment Palisade Wall x1 |
| 17:34 | 悲伤猫头橘 · wall_segment Palisade Wall x2 |
| 17:52 | 楚辞誉 · age_up castle |
| 17:55 | 楚辞誉 · first_market_buy 100 stone |
| 18:02 | 楚辞誉 · first_building Castle |
| 18:19 | 永不服输 · age_up castle |
| 18:20 | 小米加步槍 · age_up castle |
| 18:22 | 食肉的羊 · age_up castle |
| 18:38 | 凌兮梦 · age_up castle |
| 18:46 | 悲伤猫头橘 · wall_segment Palisade Wall x1 |
| 18:47 | 悲伤猫头橘 · wall_segment Palisade Wall x1 |
| 18:48 | 楚辞誉 · first_building Siege Workshop |
| 18:55 | 永不服输 · first_building Siege Workshop |
| 18:56 | 悲伤猫头橘 · wall_segment Palisade Wall x1 |
| 18:56 | 悲伤猫头橘 · wall_segment Palisade Wall x1 |
| 18:58 | 悲伤猫头橘 · age_up castle |
| 19:01 | 小米加步槍 · first_building Siege Workshop |
| 19:20 | 楠 · wall_segment Palisade Wall x1 |
| 19:23 | 悲伤猫头橘 · first_building Castle |
| 19:32 | 悲伤猫头橘 · wall_segment Palisade Wall x3 |
| 19:45 | 悲伤猫头橘 · wall_segment Palisade Wall x3 |
| 19:49 | 悲伤猫头橘 · wall_segment Palisade Wall x1 |
| 20:13 | TON618 · first_building Barracks |
| 20:20 | 食肉的羊 · first_market_sell 100 food |
| 20:22 | TON618 · age_up castle |
| 20:48 | 悲伤猫头橘 · first_market_sell 100 food |
| 21:20 | 凌兮梦 · first_market_buy 100 food |
| 21:21 | TON618 · first_building Stable |
| 21:34 | 食肉的羊 · first_building Siege Workshop |
| 22:59 | 悲伤猫头橘 · wall_segment Stone Wall x12 |
| 25:44 | 楠 · wall_segment Stone Wall x1 |
| 25:45 | 楠 · wall_segment Stone Wall x1 |
| 25:46 | 楠 · wall_segment Stone Wall x1 |
| 25:47 | 楠 · wall_segment Stone Wall x1 |
| 25:49 | TON618 · wall_segment Palisade Wall x4 |
| 27:00 | 凌兮梦 · first_building Monastery |
| 27:27 | 凌兮梦 · first_building Barracks |
| 27:35 | 凌兮梦 · first_building Siege Workshop |
| 28:18 | 楚辞誉 · first_building Monastery |
| 28:52 | 楠 · first_building Archery Range |
| 28:59 | 凌兮梦 · first_building Stable |
| 28:59 | 楠 · first_market_buy 100 food |
| 29:27 | 悲伤猫头橘 · wall_segment Stone Wall x9 |
| 30:28 | 悲伤猫头橘 · wall_segment Stone Wall x1 |
| 30:39 | 悲伤猫头橘 · wall_segment Stone Wall x1 |
| 30:40 | 悲伤猫头橘 · wall_segment Stone Wall x1 |
| 30:41 | 凌兮梦 · wall_segment Stone Wall x1 |
| 30:42 | 楠 · wall_segment Stone Wall x1 |
| 30:44 | 悲伤猫头橘 · wall_segment Stone Wall x1 |
| 30:46 | 悲伤猫头橘 · wall_segment Stone Wall x1 |
| 30:49 | 悲伤猫头橘 · wall_segment Stone Wall x1 |
| 31:04 | 悲伤猫头橘 · first_building Siege Workshop |
| 31:15 | 凌兮梦 · first_building Castle |
| 31:24 | 楠 · wall_segment Stone Wall x1 |
| 31:25 | 悲伤猫头橘 · wall_segment Palisade Wall x1 |
| 31:25 | 楠 · wall_segment Stone Wall x1 |
| 31:27 | 楠 · wall_segment Stone Wall x1 |
| 31:27 | 楠 · wall_segment Stone Wall x1 |
| 31:38 | 凌兮梦 · first_market_sell 100 stone |
| 31:42 | 楠 · age_up castle |
| 31:47 | 食肉的羊 · first_building Monastery |
| 32:48 | 凌兮梦 · wall_segment Stone Wall x18 |
| 32:50 | 凌兮梦 · wall_segment Stone Wall x3 |
| 33:09 | 悲伤猫头橘 · wall_segment Palisade Wall x8 |
| 33:10 | 悲伤猫头橘 · wall_segment Palisade Wall x1 |
| 33:51 | 凌兮梦 · age_up imperial |
| 34:00 | 悲伤猫头橘 · wall_segment Stone Wall x1 |
| 35:11 | 楚辞誉 · first_building Barracks |
| 35:47 | 凌兮梦 · wall_segment Stone Wall x15 |
| 36:36 | 悲伤猫头橘 · wall_segment Stone Wall x1 |
| 36:38 | 悲伤猫头橘 · wall_segment Stone Wall x1 |
| 36:39 | 悲伤猫头橘 · wall_segment Stone Wall x1 |
| 37:32 | 悲伤猫头橘 · wall_segment Stone Wall x1 |
| 37:38 | 楚辞誉 · wall_segment Stone Wall x4 |
| 37:40 | 楚辞誉 · wall_segment Stone Wall x2 |
| 37:49 | TON618 · first_building Monastery |
| 38:26 | 楠 · first_building Siege Workshop |
| 38:45 | 小米加步槍 · first_building Castle |
| 38:57 | 永不服输 · wall_segment Palisade Wall x1 |
| 39:04 | 凌兮梦 · wall_segment Stone Wall x5 |
| 39:07 | 小米加步槍 · first_building Barracks |
| 39:21 | 悲伤猫头橘 · wall_segment Stone Wall x1 |
| 39:24 | 楚辞誉 · age_up imperial |
| 39:34 | 永不服输 · wall_segment Stone Wall x1 |
| 40:04 | 小米加步槍 · age_up imperial |
| 40:34 | 小米加步槍 · first_market_sell 100 food |
| 40:49 | 凌兮梦 · tribute_sent a jugador 1 |
| 40:49 | 凌兮梦 · tribute_sent a jugador 2 |
| 40:49 | 凌兮梦 · tribute_sent a jugador 4 |
| 40:49 | 凌兮梦 · tribute_sent a jugador 5 |
| 40:49 | 凌兮梦 · tribute_sent a jugador 6 |
| 40:49 | 凌兮梦 · tribute_sent a jugador 7 |
| 40:49 | 凌兮梦 · tribute_sent a jugador 8 |
| 41:37 | TON618 · age_up imperial |
| 42:14 | 楚辞誉 · first_building Stable |
| 42:51 | 食肉的羊 · first_building Stable |
| 43:12 | 悲伤猫头橘 · wall_segment Stone Wall x5 |
| 43:17 | 悲伤猫头橘 · wall_segment Stone Wall x8 |
| 44:12 | 永不服输 · first_building Barracks |
| 44:19 | 楠 · first_building Castle |
| 44:33 | TON618 · first_building Archery Range |
| 44:42 | 凌兮梦 · resign |
| 44:44 | TON618 · first_building Castle |
[ AI ANALYSIS · 1 CREDIT ]
What really happened in this match?
Wolo.gg analyzes every decision: build order, eco, micro, common mistakes by bracket. Personalized analysis on WhatsApp or Discord in 30 seconds.
Civ guide
Bengalis
Map guide
Land Nomad
Perfil
Jugador #410039